Map: Thunderbird LE

Players

TiPtOP - Winner!

  • Race: Terran Terran
  • League: Silver
  • Spawn Location: 11:00

Psyko

  • Race: Zerg Zerg
  • League: Bronze
  • Spawn Location: 5:00

VOD

Have the link to the VOD?

Description

Time

  • Played on: Aug. 16, 2019, 10:23 p.m.
  • Length: 18:53
Show
View Real Time Build Order
Export as new Build Order

TiPtOP Terran - Winner!

Build Orders: Mech 

Get SALT Encoding   

  12  0:01  SCV  
  13  0:13  SCV  
  14  0:19  Supply Depot  
  14  0:25  SCV  
  15  0:40  SCV  
  16  0:43  Barracks  
  16  0:52  SCV  
  16  0:56  Refinery  
  17  1:04  SCV  
  18  1:16  SCV  
  19  1:34  Supply Depot  
  19  1:35  Marine  
  20  1:46  Command Center  
  20  1:47  Orbital Command  
  20  2:08  Factory  
  20  2:13  SCV  
  21  2:25  SCV  
  21  2:29  Refinery  
  22  2:41  Supply Depot  
  21  3:03  Bunker  
  21  3:19  Orbital Command  
  21  3:20  SCV  
  21  3:21  Barracks Reactor  
  21  3:22  Factory Tech Lab  
  22  3:32  SCV  
  23  3:43  Siege Tank  
  26  3:54  Factory  
  26  3:59  Armory  
  26  4:08  Marine  
  26  4:09  Marine  
  29  4:17  SCV  
  29  4:19  Engineering Bay  
  29  4:47  Factory  
  29  5:02  Missile Turret  
  29  5:09  Siege Tank  
  29  5:11  Hellbat x2  
  36  5:26  Orbital Command  
  36  5:37  Factory Tech Lab  
  36  5:49  Hellion x2  
  36  5:58  Factory  
  36  6:18  Orbital Command  
  36  6:25  Factory Tech Lab  
  36  6:34  Supply Depot  
  36  6:49  Siege Tank  
  39  7:21  Factory Tech Lab  
  39  7:25  Thor, Hellbat x2  
  39  7:26  Hellbat  
  51  7:34  Supply Depot  
  51  7:45  Hellbat  
  53  7:55  Thor, Hellbat, Supply Depot  
  53  7:57  SCV  
  62  8:00  Supply Depot  
  62  8:11  Supply Depot  
  62  8:16  Thor, SCV x2  
  62  8:17  Supply Depot  
  70  8:23  Supply Depot  
  70  8:28  SCV x2  
  70  8:33  Supply Depot  
  72  8:35  Command Center  
  72  8:38  Siege Tank  
  72  8:40  SCV x2  
  77  8:41  Supply Depot  
  77  8:44  Terran Vehicle Weapons Level 1  
  77  8:49  Neosteel Armor  
  77  8:50  Supply Depot  
  77  8:53  SCV  
  78  8:56  Hellbat x2, Supply Depot  
  78  9:00  Refinery, SCV  
  83  9:03  Refinery  
  83  9:05  SCV  
  84  9:13  SCV  
  85  9:17  SCV  
  86  9:25  SCV  
  87  9:37  SCV  
  88  9:48  Command Center  
  88  9:49  SCV  
  89  9:56  Factory  
  89  10:06  Refinery  
  89  10:32  Refinery  
  89  10:35  Thor x2  
  89  10:36  Hellbat x2  
  89  10:37  Hellbat  
  107  10:44  Missile Turret  
  107  10:46  Missile Turret  
  108  10:56  Orbital Command  
  107  11:00  Thor  
  107  11:01  Hellbat  
  107  11:02  Hellbat  
  107  11:04  Factory Reactor  
  117  11:15  Supply Depot  
  117  11:18  Thor  
  113  11:26  Thor  
  113  11:27  Hellion, Hellbat  
  123  11:33  SCV  
  123  11:36  SCV x2  
  123  11:39  Supply Depot  
  126  11:43  Thor  
  126  11:45  SCV  
  133  11:48  SCV x2, Hellbat  
  137  11:55  Factory  
  137  11:57  SCV  
  138  12:04  Factory  
  138  12:09  Factory, SCV  
  138  12:12  Thor  
  138  12:13  Hellbat  
  138  12:14  Hellion, Hellbat  
  151  12:21  SCV  
  152  12:27  Planetary Fortress  
  152  12:33  SCV  
  153  12:45  SCV  
  153  12:49  Armory  
  153  12:50  Hellion  
  154  12:58  Hellion, SCV  
  155  13:03  Supply Depot x2  
  153  13:43  Factory Tech Lab  
  153  13:44  Factory Reactor, Factory Tech Lab  
  153  13:46  Hellion  
  153  13:47  Hellbat x2  
  153  13:48  Thor x2  
  167  14:05  SCV, Supply Depot x2  
  167  14:08  Thor  
  158  14:17  SCV  
  158  14:21  Terran Vehicle Weapons Level 2, Terran Vehicle And Ship Armor Level 1  
  155  14:28  Supply Depot  
  155  14:30  SCV, Supply Depot  
  155  14:31  Thor x2  
  168  14:42  SCV  
  169  14:54  SCV  
  170  15:07  Thor x2  
  170  15:08  Thor, Hellbat  
  170  15:09  Hellbat x4  
  170  15:11  Infernal Pre-Igniter  
  170  15:14  Smart Servos  
  182  16:18  Terran Vehicle And Ship Armor Level 2  
  182  16:26  SCV  
  183  16:38  Thor x2, SCV  
  183  16:39  Hellbat x2  
  200  16:40  Command Center  
  200  16:41  Refinery  
  200  16:43  Refinery  
  192  17:29  Command Center  
  192  17:31  Command Center  
  192  17:37  Sensor Tower  
  186  17:56  Thor, Hellbat x3  
  186  17:57  Hellbat  
Show
View Real Time Build Order
Export as new Build Order

Psyko Zerg 

Build Orders: Hatch First 

Get SALT Encoding   

  12  0:36  Hatchery  
  11  1:02  Spawning Pool  
  11  1:03  Drone x3  
  13  1:08  Extractor  
  12  1:34  Drone x2  
  12  1:37  Overlord  
  14  1:50  Drone  
  14  1:53  Queen  
  17  1:56  Queen  
  17  1:57  Zergling x2  
  20  2:05  Zergling x2  
  22  2:08  Zergling x2  
  22  2:13  Zergling x2  
  23  2:19  Zergling x2  
  24  2:26  Zergling x2  
  25  2:32  Metabolic Boost  
  25  2:53  Zergling x2  
  25  2:54  Zergling x4  
  28  3:06  Extractor  
  27  3:14  Baneling Nest  
  27  3:17  Zergling x4, Roach Warren  
  27  3:18  Zergling x2  
  28  3:59  Overlord x2  
  28  4:13  Lair  
  28  4:19  Drone x2  
  28  4:20  Drone  
  28  4:22  Drone  
  32  4:35  Drone x2  
  34  5:09  Baneling x2  
  34  5:10  Baneling x5  
  34  5:11  Baneling x4  
  34  5:17  Drone x2  
  34  5:18  Drone x4  
  28  6:21  Drone x5  
  28  6:22  Drone x3  
  36  6:30  Spine Crawler  
  36  6:31  Spine Crawler  
  34  6:37  Spine Crawler x2  
  32  6:40  Drone x4  
  32  6:41  Drone x2  
  38  6:50  Centrifical Hooks  
  38  6:51  Glial Reconstitution  
  38  7:07  Roach x3  
  44  7:08  Overlord x2  
  44  7:13  Extractor  
  43  7:16  Extractor  
  42  7:26  Queen  
  44  7:37  Drone x5  
  49  7:57  Spore Crawler  
  48  8:01  Queen  
  50  8:07  Spore Crawler  
  49  8:18  Roach x2  
  49  8:19  Roach  
  55  8:32  Roach  
  57  8:35  Roach  
  57  8:36  Overlord x4  
  59  9:00  Hatchery, Roach  
  59  9:01  Roach x4  
  68  9:11  Spine Crawler  
  68  9:12  Spine Crawler  
  68  9:16  Spine Crawler  
  65  9:17  Spine Crawler  
  65  9:23  Roach x3  
  70  9:28  Zergling x10  
  70  9:29  Zergling x10  
  80  9:36  Ravager  
  80  9:37  Ravager x4  
  80  9:38  Ravager x5  
  88  9:39  Ravager x2  
  92  9:54  Baneling x4  
  92  9:55  Baneling x5  
  92  9:56  Baneling x4  
  92  9:57  Baneling x4  
  92  9:59  Baneling  
  92  10:01  Baneling  
  92  10:03  Baneling  
  92  10:09  Overlord  
  92  10:10  Overlord  
  40  11:23  Drone x2  
  40  11:24  Drone  
  43  11:29  Overseer  
  43  11:31  Roach x3  
  49  11:34  Roach x2  
  49  11:35  Roach  
  55  11:47  Drone x2  
  55  11:52  Overseer  
  57  11:57  Roach x2  
  63  12:01  Roach x2  
  63  12:07  Drone x2  
  67  12:15  Hatchery  
  66  12:31  Drone x2, Hatchery  
  71  12:37  Roach x3  
  73  12:59  Roach x3  
  79  13:13  Roach  
  79  13:14  Roach x5  
  91  13:53  Queen  
  91  13:55  Roach x2  
  97  13:56  Roach  
  55  14:30  Roach x3  
  56  14:33  Roach x2  
  56  14:34  Roach  
  56  14:38  Roach x4  
  68  14:39  Roach x2  
  68  14:42  Roach x4  
  68  14:43  Roach x2  
  86  15:24  Spine Crawler  
  86  15:25  Spine Crawler  
  86  15:28  Spine Crawler  
  38  16:08  Roach  
  38  16:09  Roach x2  
  44  16:11  Roach  
  44  16:12  Roach x2  
  50  16:24  Spine Crawler  
  49  16:29  Spine Crawler  
  49  16:32  Spine Crawler  
  47  16:37  Spine Crawler  
  46  16:42  Spine Crawler  
  46  16:45  Spine Crawler  
  44  16:48  Spine Crawler  
  43  16:54  Spine Crawler  
  43  16:55  Spine Crawler  
  43  16:56  Spine Crawler  
  40  17:15  Roach x4  
  46  17:16  Roach x2  
Tags
 
Composition
Mech
Matchup
TvZ
Spawn Locations
Cross Positions
Add a new tag
Caveats
  • Supply blocks, unpowered buildings, or Contaminate may cause inaccurate times.
  • Supply counts are checked every 10 seconds.